[Event "*** Titled Tuesday Blitz"]
[Site "Chess.com"]
[Date "2020.04.07"]
[Round "7"]
[White "diskeleven"]
[Black "Man-Chuk"]
[Result "0-1"]
[WhiteElo "2375"]
[BlackElo "2768"]
[TimeControl "180+1"]
[EndTime "14:17:58 PDT"]
[Termination "Man-Chuk won by resignation"]

1. d4 Nf6 2. c4 e6 3. Nc3 Bb4 4. Nf3 d5 5. Bg5 h6 6. Bh4 dxc4 7.
Qa4+ Nc6 8. a3 Bxc3+ 9. bxc3 Qd5 10. Bxf6 gxf6 11. Nd2 b5 12. Qc2 Bb7 13. e4 Qd7 14.
Rb1 Na5 15. Be2 a6 16. O-O c5 17. dxc5 Rd8 18. Nf3 Qc7 19. Nd4 Qxc5 20. Rbd1 Ke7 21. Bf3 Nc6 22. Qb2 Nxd4 23. cxd4 c3 24. Qb4 Qxb4 25.
axb4 Rc8 26. Rd3 Rc4 27. Rc1 Rhc8 28. g3 c2 29. Rd2 f5 30. d5 fxe4 31. d6+ Kd7 32. Be2 Rxb4 33. Rdxc2 Rxc2 34. Rxc2 Kxd6 35. Bh5 f5 36. Be8 Bd5 37. h4 Rb1+ 38. Kh2 e3 39. f3 Bxf3 40. g4 f4 0-1

[Event "*** Titled Tuesday Blitz"]
[Site "Chess.com"]
[Date "2020.04.07"]
[Round "7"]
[White "VladimirBelous"]
[Black "Flawless_Fighter"]
[Result "1-0"]
[WhiteElo "2763"]
[BlackElo "2565"]
[TimeControl "180+1"]
[EndTime "14:17:58 PDT"]
[Termination "VladimirBelous won by resignation"]

1. c4 Nf6 2. Nc3 e6 3. d4 d5 4. Nf3 Bb4 5. Bg5 h6 6. Bxf6 Qxf6 7. e3 O-O 8. Rc1 Rd8 9. cxd5 exd5 10. Qb3 Qe7 11.
a3 Ba5 12. Bd3 c6 13. O-O Nd7 14. Qa4 Bxc3 15. bxc3 Nf6 16. c4 Be6 17. Qb4 Qxb4 18. axb4 dxc4 19. Bxc4 Bxc4 20. Rxc4 a5 21. bxa5 Rxa5 22.
Rb1 Rda8 23. h3 Ra1 24. Rb4 Rxb1+ 25. Rxb1 Ne4 26. Rxb7 Ra1+ 27. Kh2 Nxf2 28. Ne5 Rh1+ 29. Kg3 Ne4+ 30. Kf4 Nd6 31. Rb8+ Kh7 32. Nxc6 Rf1+ 33. Ke5 Nc4+ 34. Ke4 Re1 35. d5 Nxe3 36. d6 Nc4+ 37. Kd5 Nxd6 38. Kxd6 Re2 39. g4 h5 40. Rb5 hxg4 41.
hxg4 Re4 42. Rh5+ Kg6 43. Ne5+ Rxe5 44. Kxe5 1-0

[Event "*** Titled Tuesday Blitz"]
[Site "Chess.com"]
[Date "2020.04.07"]
[Round "7"]
[White "tomozupan"]
[Black "Quiet_Desperation"]
[Result "1-0"]
[WhiteElo "2247"]
[BlackElo "2034"]
[TimeControl "180+1"]
[EndTime "14:17:58 PDT"]
[Termination "tomozupan won by resignation"]

1. d4 Nf6 2. Bg5 e6 3. e4 h6 4. Bxf6 Qxf6 5. Nf3 d6 6. Nc3 g6 7. Qd2 Bg7 8. O-O-O O-O 9. Kb1 Qe7 10. h4 a6 11.
g3 b5 12. h5 g5 13. Nh2 Bb7 14. Bd3 Bxd4 15. f4 Bg7 16. fxg5 Qxg5 17. Qe2 Nd7 18. Nf3 Qe7 19. g4 Ne5 20. g5 hxg5 21. h6 Bf6 22. h7+ Kh8 23. Rh5 Nxf3 24. Qxf3 Be5 25. Ne2 f5 26. Qe3 f4 27. Qf3 Qf6 28. c3 a5 29.
Rg1 b4 30. Rhxg5 bxc3 31. Qg4 Qf7 32. Nxc3 f3 33. Nd1 Rab8 34. Rg8+ Rxg8 35. hxg8=Q+ Rxg8 36. Rh1+ Qh7 37. Rxh7+ Kxh7 38. Qxf3 Rg3 39. Qf7+ Kh6 40. Qxe6+ Kg5 41. Qe7+ Kf4 42. Bc2 Bxe4 43. Bxe4 Kxe4 44. Qxc7 Rg1 45. Kc2 1-0

[Event "*** Titled Tuesday Blitz"]
[Site "Chess.com"]
[Date "2020.04.07"]
[Round "7"]
[White "Nancy11111"]
[Black "SavelijTartakover"]
[Result "1-0"]
[WhiteElo "2405"]
[BlackElo "2616"]
[TimeControl "180+1"]
[EndTime "14:17:59 PDT"]
[Termination "Nancy11111 won by resignation"]

1. e4 e6 2. d4 d5 3. Nc3 Bb4 4. Bd3 dxe4 5. Bxe4 Nf6 6. Bf3 c5 7. Ne2 Nc6 8. a3 Bxc3+ 9. bxc3 O-O 10. O-O Qa5 11.
Bg5 cxd4 12. Bxf6 gxf6 13. cxd4 Rd8 14. c3 Bd7 15. Be4 Rac8 16. Qd2 Qg5 17. f4 Qh6 18. Rf3 f5 19. Rh3 Qf6 20. Bf3 Rc7 21. Ng3 Ne7 22. Nh5 Qh8 23. g4 fxg4 24. f5 gxh3 25. Qg5+ Kf8 26. Qh6+ Ke8 27. Nf6+ Qxf6 28. Qxf6 Nxf5 29.
Re1 Nd6 30. Bh5 Rxc3 31. d5 Rc5 32. dxe6 Rxh5 33. exf7+ 1-0

[Event "*** Titled Tuesday Blitz"]
[Site "Chess.com"]
[Date "2020.04.07"]
[Round "7"]
[White "Witik"]
[Black "Shtembuliak"]
[Result "0-1"]
[WhiteElo "2707"]
[BlackElo "2860"]
[TimeControl "180+1"]
[EndTime "14:18:01 PDT"]
[Termination "Shtembuliak won on time"]

1. d4 g6 2. e4 d6 3. Nc3 Bg7 4. Be3 a6 5. f4 b5 6. Nf3 Nd7 7. Bd3 Bb7 8. e5 Nh6 9. Be4 Bxe4 10. Nxe4 c5 11. e6 fxe6 12. Neg5 Nf5 13. Bf2 Qa5+ 14. c3 cxd4 15. Nxe6 dxc3 16. O-O cxb2 17. Rb1 Bf6 18. Qd5 Rc8 19. g4 Ng7 20. g5 Bc3 21. Nfd4 Nxe6 22. Nxe6 Qa4 23. Qb7 Qc4 24. f5 gxf5 25. Nf4 Qc6 0-1

[Event "*** Titled Tuesday Blitz"]
[Site "Chess.com"]
[Date "2020.04.07"]
[Round "7"]
[White "LivajaM"]
[Black "Fy_Rakotomaharo"]
[Result "1-0"]
[WhiteElo "2349"]
[BlackElo "2577"]
[TimeControl "180+1"]
[EndTime "14:18:02 PDT"]
[Termination "LivajaM won by resignation"]

1. d4 Nf6 2. Bg5 d5 3. Bxf6 gxf6 4. e3 c5 5. Nf3 Nc6 6. c3 e6 7. Nbd2 f5 8. g3 Be7 9. Bg2 Qb6 10. Qb3 Qa6 11. Bf1 c4 12. Qc2 b5 13. Be2 h5 14.
h4 Qb6 15. b3 Bd7 16. a4 cxb3 17. Qxb3 Na5 18. Qa2 bxa4 19. Ne5 a3 20. O-O Ba4 21. Rfb1 Qc7 22. c4 dxc4 23. Ndxc4 Nxc4 24. Bxc4 Bd6 25. Bxe6 Bxe5 26. dxe5 O-O 27. Bd5 Rab8 28. e6 fxe6 29.
Bxe6+ Kg7 30. Qxa3 Rxb1+ 31. Rxb1 Bc6 32. Rc1 Qb6 33.
Qe7+ 1-0

[Event "*** Titled Tuesday Blitz"]
[Site "Chess.com"]
[Date "2020.04.07"]
[Round "7"]
[White "Yanidze"]
[Black "cassoulet"]
[Result "0-1"]
[WhiteElo "2453"]
[BlackElo "2720"]
[TimeControl "180+1"]
[EndTime "14:18:02 PDT"]
[Termination "cassoulet won by resignation"]

1. d4 Nf6 2. c4 g6 3. Nc3 Bg7 4. Nf3 O-O 5. e4 d6 6. Be2 Nbd7 7. d5 a5 8. Be3 Nc5 9. Nd2 c6 10. O-O cxd5 11. cxd5 Bd7 12. f3 a4 13. Rc1 Qa5 14. Nc4 Qa7 15. e5 dxe5 16. Nxe5 Rfc8 17. d6 exd6 18.
Nxd7 Nfxd7 19. Qxd6 Qa5 20. Nb5 Ra6 21. Qd5 Re6 22. Bxc5 Nxc5 23. Rxc5 Rxc5 24. Qxc5 Rxe2 25. Qc8+ Bf8 26. Nc7 Qc5+ 27. Kh1 Rc2 28. Qxb7 Qxc7 29. Qb5 Qc4 30. Qxc4 Rxc4 31. b3 Rc2 32. bxa4 Rxa2 33.
h3 Rxa4 34. Kh2 Bd6+ 35. Kg1 Bg3 36. Rd1 h5 37. Rb1 h4 38. Rd1 Ra2 39. Rc1 Kg7 40. Rd1 Kf6 41. Rc1 Kg5 42. Rd1 f5 43. Rb1 Be5 44. Rd1 Kf4 45. Rd3 Kg3 46. f4+ Kxf4 47. Rf3+ Ke4 48. Rb3 Bd4+ 49. Kh2 Ra1 50. Rb4 g5 51.
Rc4 Kd5 52. Rc2 Bg1+ 53. Kh1 Bf2+ 0-1

[Event "*** Titled Tuesday Blitz"]
[Site "Chess.com"]
[Date "2020.04.07"]
[Round "7"]
[White "TheCavemanChesss"]
[Black "michechess89"]
[Result "0-1"]
[WhiteElo "2593"]
[BlackElo "2432"]
[TimeControl "180+1"]
[EndTime "14:18:02 PDT"]
[Termination "michechess89 won by resignation"]

1. e4 d5 2. exd5 Qxd5 3. Nc3 Qa5 4. d4 Nf6 5. Nf3 c6 6. Be2 Bf5 7. O-O e6 8. Bf4 Nbd7 9. Nd2 b5 10. a4 b4 11. Nc4 Qd8 12. Nb1 Nb6 13. Na5 Rc8 14. Ba6 Nbd5 15. Bxc8 Nxf4 16. Nxc6 Qxc8 17. Nxa7 Qb7 18.
Qf3 Qxf3 19. gxf3 Ne2+ 20. Kh1 Nxd4 21. Nd2 Bc5 22. Nb5 O-O 23. c3 Nxb5 24. axb5 bxc3 25. bxc3 Bd3 26. Rfc1 Bxf2 27. c4 Be3 28. Rc3 Bd4 29. Rxd3 Bxa1 30. c5 Nd5 31. Nb3 Be5 32. Na5 Ra8 33.
Nc6 Ra1+ 34. Kg2 Nf4+ 35. Kg3 Nxd3+ 36. Nxe5 Nxe5 37. Kf4 Nd3+ 0-1

[Event "*** Titled Tuesday Blitz"]
[Site "Chess.com"]
[Date "2020.04.07"]
[Round "7"]
[White "Viuvanegra"]
[Black "IgorBjelobrk"]
[Result "0-1"]
[WhiteElo "1946"]
[BlackElo "2607"]
[TimeControl "180+1"]
[EndTime "14:18:02 PDT"]
[Termination "IgorBjelobrk won by resignation"]

1. d4 Nf6 2. c4 e6 3. Nf3 d5 4.
Nc3 a6 5. cxd5 exd5 6. Bg5 Be6 7. e3 Nbd7 8. Bd3 Bd6 9. O-O c6 10. Qc2 h6 11. Bh4 O-O 12. Rab1 a5 13. a3 Qc7 14.
Bg3 Bxg3 15. hxg3 Rfc8 16. b4 b6 17. Rfc1 Bg4 18. Ne2 Qd6 19. Nf4 axb4 20. axb4 b5 21. Bf5 Bxf5 22. Qxf5 Nb6 23. Ne5 Nc4 24. Nfd3 Rc7 25.
Nc5 Rca7 26. Kh2 g6 27. Qf4 h5 28. Ncd7 Rxd7 29. Nxd7 Qxf4 30. gxf4 Nxd7 31. Ra1 Ra4 32.
Rcb1 Ndb6 33. Rxa4 Nxa4 34. Kg3 Kg7 35. Kf3 Nd2+ 0-1

[Event "*** Titled Tuesday Blitz"]
[Site "Chess.com"]
[Date "2020.04.07"]
[Round "7"]
[White "wnstop"]
[Black "MikeKorovin"]
[Result "0-1"]
[WhiteElo "2584"]
[BlackElo "2769"]
[TimeControl "180+1"]
[EndTime "14:18:03 PDT"]
[Termination "MikeKorovin won by checkmate"]

1. e4 e6 2. d4 d5 3. Nd2 Nc6 4.
Ngf3 Nf6 5. e5 Nd7 6. Nb3 a5 7. Bf4 a4 8. Nc1 Bb4+ 9. c3 a3 10. Qc2 axb2 11. Qxb2 Ba3 12. Qd2 b6 13. Be2 Na5 14.
Bg5 Be7 15. h4 h6 16. Bxe7 Qxe7 17. O-O O-O 18. Nd3 Ba6 19. g3 Ra7 20. Nf4 Rfa8 21. Bxa6 Rxa6 22. Nh2 Nb3 23. axb3 Rxa1 24. b4 Rxf1+ 25.
Kxf1 Nf8 26. Kg2 Qd7 27. Ng4 Qb5 28. Nh5 Ra1 29. Nh2 Nh7 30. Qe3 Qa4 31. Nf3 Qd1 32. Kh3 Qf1+ 33. Kg4 Qc1 34. Qd3 Qb1 35. Qb5 Qf5# 0-1

[Event "*** Titled Tuesday Blitz"]
[Site "Chess.com"]
[Date "2020.04.07"]
[Round "7"]
[White "twitchTriniCupid"]
[Black "CzechmVIII"]
[Result "1-0"]
[WhiteElo "2393"]
[BlackElo "2224"]
[TimeControl "180+1"]
[EndTime "14:18:04 PDT"]
[Termination "twitchTriniCupid won on time"]

1. d4 Nf6 2. Nf3 c5 3. g3 cxd4 4. Bg2 e5 5. O-O d6 6. c3 dxc3 7. Nxc3 Nc6 8. Bg5 Be7 9. Qd2 O-O 10. Rfd1 Be6 11. Bxf6 Bxf6 12. Qxd6 Qxd6 13. Rxd6 Nd4 14. e3 Nf5 15. Rd2 Rfd8 16. Ne4 Rxd2 17. Nxf6+ gxf6 18. Nxd2 Rc8 19. Ne4 Rc2 20. Nxf6+ Kg7 21. Nh5+ Kh6 22.
Be4 Rxb2 23. g4 Nd6 24. Bf3 Kg5 25. Rd1 Bxg4 26. Bxg4 Kxg4 27. Nf6+ Kf5 28. Rxd6 Rxa2 29. Nxh7 b5 30. Nf6 b4 31. e4+ Kf4 32. Kg2 b3 33. Rd5 b2 34. Rb5 a5 35. Nd5+ Kxe4 36. Nc3+ Kd3 37. Nxa2 Kc2 38. Rc5+ Kb3 39. Nc3 1-0

[Event "*** Titled Tuesday Blitz"]
[Site "Chess.com"]
[Date "2020.04.07"]
[Round "7"]
[White "AndrewMaco"]
[Black "Agent-JL"]
[Result "0-1"]
[WhiteElo "2607"]
[BlackElo "2438"]
[TimeControl "180+1"]
[EndTime "14:18:05 PDT"]
[Termination "Agent-JL won by checkmate"]

1. e4 c5 2. Nf3 e6 3. g3 Nc6 4. Bg2 d5 5. exd5 exd5 6. d4 Nf6 7. O-O cxd4 8. Nxd4 Be7 9. Nc3 O-O 10. Bf4 Re8 11.
Ndb5 Bg4 12. Qd2 Rc8 13. Nxd5 Nxd5 14. Qxd5 Qxd5 15. Bxd5 Nb4 16. Bxb7 Rxc2 17. Nxa7 Rxb2 18. Rfb1 Rxa2 19. Rxa2 Nxa2 20. Nc6 Bf6 21. Be3 Nc3 22. Rb3 Bh3 23. Na5 Rd8 24. Bf3 g6 25. Nc6 Rd3 26. Rb8+ Kg7 27. Nb4 Rd7 28. Rb7 Ne2+ 29. Kh1 Rd1# 0-1

[Event "*** Titled Tuesday Blitz"]
[Site "Chess.com"]
[Date "2020.04.07"]
[Round "7"]
[White "Slovak_fighter2000"]
[Black "JiangoFett"]
[Result "1-0"]
[WhiteElo "2489"]
[BlackElo "2307"]
[TimeControl "180+1"]
[EndTime "14:18:05 PDT"]
[Termination "Slovak_fighter2000 won on time"]

1. d4 Nf6 2. Nf3 e6 3. Bf4 c5 4. e3 Nc6 5. Nbd2 d5 6. c3 Bd6 7. Bg3 O-O 8. Bd3 b6 9. Qe2 Bb7 10. Rd1 Re8 11. e4 e5 12. dxc5 bxc5 13. exd5 Nxd5 14.
Bxh7+ Kxh7 15. Qe4+ f5 16. Qxd5 e4 17. Qxf5+ Kg8 18. Ng5 Qf6 19. Qd5+ Kh8 20. Nf7+ Kh7 21. Nxd6 e3 22. O-O e2 23. Nxe8 Rxe8 24. Qh5+ Kg8 25. Qxe8+ Kh7 26. Qxe2 1-0

[Event "*** Titled Tuesday Blitz"]
[Site "Chess.com"]
[Date "2020.04.07"]
[Round "7"]
[White "joppie2"]
[Black "OK97"]
[Result "1-0"]
[WhiteElo "3008"]
[BlackElo "2751"]
[TimeControl "180+1"]
[EndTime "14:18:06 PDT"]
[Termination "joppie2 won by resignation"]

1. e4 c5 2. Nf3 Nc6 3. c3 Nf6 4. e5 Nd5 5. Bc4 Nb6 6. Bb3 d5 7. exd6 Qxd6 8. O-O Be6 9. Bxe6 Qxe6 10. a4 Qd7 11. a5 Nd5 12. a6 b6 13. d4 cxd4 14.
Nxd4 e6 15. Nb5 Rd8 16. Qg4 Ne5 17. Qa4 Bc5 18. Nxa7 Qxa4 19. Rxa4 Nd3 20. b4 Bxf2+ 21. Rxf2 Nxc1 22. Nc6 Rc8 23. a7 O-O 24. c4 Rxc6 25. a8=Q Rxc4 26. Qa6 Rc7 27. h3 h6 28. Kh2 Rfc8 29.
Nd2 Rc2 30. Ne4 Ne3 31. Ra1 Nb3 32. Re1 Nf5 33. Rxc2 Rxc2 34. Re2 Rc1 35. Qxb6 Nbd4 36. Rd2 e5 37. Qb8+ Kh7 38. Qxe5 Ne3 39. Nf6+ gxf6 40.
Qxe3 1-0

[Event "*** Titled Tuesday Blitz"]
[Site "Chess.com"]
[Date "2020.04.07"]
[Round "7"]
[White "kai_nov"]
[Black "Crazy_girl99"]
[Result "0-1"]
[WhiteElo "2226"]
[BlackElo "2479"]
[TimeControl "180+1"]
[EndTime "14:18:06 PDT"]
[Termination "Crazy_girl99 won on time"]

1. d4 Nf6 2. c4 e6 3. Nc3 Bb4 4. f3 d5 5. a3 Bxc3+ 6. bxc3 O-O 7. e3 b6 8. cxd5 exd5 9. Bd3 c5 10. Ne2 Re8 11. O-O Nc6 12. Ng3 Be6 13. Bb5 Rc8 14. Bb2 Qd6 15. e4 cxd4 16. cxd4 Qf4 17. e5 Nd7 18.
Qa4 Ndb8 19. Rac1 Bd7 20. Rfe1 h6 21. Qd1 a6 22. Bd3 b5 23. Rc5 Be6 24. Qc2 Na5 25. Kf2 Nc4 26. Bxc4 bxc4 27. Rxc8 Rxc8 28. Bc3 Nc6 29. Ne2 Qxh2 30. Rb1 Ne7 31. Rb6 Nf5 0-1

[Event "*** Titled Tuesday Blitz"]
[Site "Chess.com"]
[Date "2020.04.07"]
[Round "7"]
[White "NMZanette"]
[Black "fidezivkovic"]
[Result "1-0"]
[WhiteElo "2180"]
[BlackElo "2316"]
[TimeControl "180+1"]
[EndTime "14:18:06 PDT"]
[Termination "NMZanette won by checkmate"]

1. e4 c5 2. Nf3 Nc6 3. Bb5 e6 4.
c3 Nge7 5. d4 cxd4 6. cxd4 d5 7.
Nc3 dxe4 8. Nxe4 Qa5+ 9. Nc3 Nd5 10. Bxc6+ bxc6 11. O-O Bb4 12. Ne4 Ba6 13. Nfg5 Bxf1 14. Qxf1 h6 15. Nf3 O-O 16. Ne5 c5 17. Qd3 cxd4 18.
Qg3 Kh7 19. Ng5+ hxg5 20. Bxg5 Bd2 21. Qd3+ f5 22. Bxd2 Qc7 23. Qh3+ Kg8 24. Ng6 Rac8 25. Re1 Rfe8 26. Qh8+ Kf7 27. Ne5+ Kf6 28. Qh4+ g5 29. Qxg5# 1-0

[Event "*** Titled Tuesday Blitz"]
[Site "Chess.com"]
[Date "2020.04.07"]
[Round "7"]
[White "LittlePeasant"]
[Black "MiroMiljkovic"]
[Result "1-0"]
[WhiteElo "2784"]
[BlackElo "2600"]
[TimeControl "180+1"]
[EndTime "14:18:08 PDT"]
[Termination "LittlePeasant won by resignation"]

1. d4 Nf6 2. c4 e6 3. Nc3 Bb4 4. e3 O-O 5. Nf3 d5 6. Bd2 b6 7. Rc1 dxc4 8. Bxc4 Bb7 9. O-O Nbd7 10. Qa4 Be7 11. Ba6 Bxa6 12. Qxa6 c5 13. Rfd1 Qc8 14. Qa4 Qb7 15. e4 cxd4 16. Qxd4 Bc5 17. Qa4 Ng4 18. Be1 Nde5 19. b4 Be7 20. Nd4 Rac8 21. h3 Nf6 22. f3 Rfd8 23. Bg3 Ng6 24. Nce2 Nh5 25. Bh2 Rxc1 26. Rxc1 Bg5 27. Rc7 Qa8 28. Nc6 Be3+ 29. Kf1 Rc8 30. Qxa7 Qxc6 31. Rxc6 Rd8 32. Rd6 Rc8 33. Qb7 1-0

[Event "*** Titled Tuesday Blitz"]
[Site "Chess.com"]
[Date "2020.04.07"]
[Round "7"]
[White "DanielRensch"]
[Black "fmshawnrl123"]
[Result "1-0"]
[WhiteElo "2559"]
[BlackElo "2715"]
[TimeControl "180+1"]
[EndTime "14:18:09 PDT"]
[Termination "DanielRensch won on time"]

1. e4 c6 2. d4 d5 3. exd5 cxd5 4. c4 Nf6 5. Nc3 Nc6 6. Bg5 dxc4 7. Bxc4 e6 8. Nf3 Be7 9. O-O O-O 10. Re1 b6 11. a3 Bb7 12. Rc1 Rc8 13. Ba2 Na5 14. Ne5 Nd7 15. Bxe7 Qxe7 16. Nxf7 Rxf7 17. Rxe6 Qh4 18.
Re2 Nc4 19. Qa4 Qg4 20. f3 Bxf3 21. Bxc4 Bxe2 22. Bxf7+ Kxf7 23. Nxe2 Re8 24. h3 Qxe2 25. Qxd7+ Kg8 26. Rc7 Qe3+ 27. Kh1 1-0

[Event "*** Titled Tuesday Blitz"]
[Site "Chess.com"]
[Date "2020.04.07"]
[Round "7"]
[White "kuli4ik"]
[Black "sofaceindisguise"]
[Result "1-0"]
[WhiteElo "2789"]
[BlackElo "2652"]
[TimeControl "180+1"]
[EndTime "14:18:10 PDT"]
[Termination "kuli4ik won by resignation"]

1. d4 Nf6 2. Bg5 d5 3. Nf3 Nbd7 4. e3 e6 5. Bd3 c5 6. c3 Qc7 7. Nbd2 Bd6 8. Qe2 b6 9. e4 dxe4 10. Nxe4 Nxe4 11. Bxe4 Bb7 12. Bxb7 Qxb7 13. dxc5 Bxc5 14. O-O O-O 15. Rad1 Rfe8 16. Rd2 h6 17. Rfd1 Nf8 18. Be3 Be7 19. Ne5 Red8 20. Qg4 Rxd2 21. Rxd2 Bf6 22. Qf3 Qxf3 23. Nxf3 Rd8 24. Rxd8 Bxd8 25. Nd4 Bc7 26. Nc6 a6 27. Nb4 a5 28. Na6 Bd8 29.
Nb8 Bc7 30. Na6 Bd8 31. c4 Nd7 32. c5 bxc5 33. Nxc5 Ne5 34. Nb7 Bc7 35. Bf4 a4 36.
Nc5 a3 37. bxa3 Nf3+ 38. gxf3 Bxf4 39. a4 Bd2 40. Nb7 Bc3 41. a5 Kf8 42. a6 Bd4 43. Nd8 Ke8 44. Nc6 Bb6 45. a7 Bxa7 46. Nxa7 1-0

[Event "*** Titled Tuesday Blitz"]
[Site "Chess.com"]
[Date "2020.04.07"]
[Round "7"]
[White "TwentyHourADay"]
[Black "csati17"]
[Result "1-0"]
[WhiteElo "2335"]
[BlackElo "2457"]
[TimeControl "180+1"]
[EndTime "14:18:10 PDT"]
[Termination "TwentyHourADay won on time"]

1. Nf3 Nf6 2. g3 d5 3. Bg2 c6 4. O-O Bg4 5. c4 Nbd7 6. d3 e5 7. h3 Bh5 8. Qc2 Be7 9. Nbd2 O-O 10. b3 h6 11. Nh4 Bxe2 12. Re1 Bh5 13. Nf5 Bg6 14. Nxe7+ Qxe7 15. Bb2 Rfe8 16. Nf3 Qd6 17. Qd2 d4 18. b4 c5 19. Nh4 Bh7 20. a3 Rab8 21. Re2 g5 22. Nf3 e4 23. bxc5 Nxc5 24. Nxd4 exd3 25. Rxe8+ Rxe8 26. Nb5 Qe7 27. Qc3 Ncd7 28.
Nc7 Rc8 29. Nd5 Qe6 30. Nxf6+ Qxf6 31. Qxf6 Nxf6 32. Bxf6 Rxc4 33. Rd1 Rc2 34. Bf1 d2 35. Be2 Rc6 36. Bd4 Re6 37. Be3 Be4 38. Rxd2 b6 39.
f4 gxf4 40. Bxf4 Kg7 41. Kf2 Bc6 42. Rd6 Rxd6 43. Bxd6 Bd7 44. h4 f6 45. Bb8 1-0

[Event "*** Titled Tuesday Blitz"]
[Site "Chess.com"]
[Date "2020.04.07"]
[Round "7"]
[White "Sneakiest_Of_Snakes"]
[Black "czasnaszachy"]
[Result "0-1"]
[WhiteElo "2120"]
[BlackElo "2323"]
[TimeControl "180+1"]
[EndTime "14:18:10 PDT"]
[Termination "czasnaszachy won by resignation"]

1. e4 e5 2. Nf3 Nc6 3. Bc4 Bc5 4.
O-O Nf6 5. d3 d6 6. c3 Bb6 7. a4 h6 8. Re1 a6 9. Nbd2 O-O 10. h3 Ne7 11. Bb3 Ng6 12. d4 Re8 13. a5 Ba7 14. Bc2 exd4 15. cxd4 c6 16. Nf1 d5 17. e5 Ne4 18. Bxe4 dxe4 19. Rxe4 Be6 20. Ne3 Qd7 21. Bd2 Rad8 22. Bb4 Ne7 23. Bd6 Bb8 24. Bxb8 Rxb8 25. Qc2 Rbd8 26. Qc5 Nd5 27.
Rc1 Bf5 28. Nxf5 Qxf5 29. Ree1 Re6 30. Kh2 Rg6 31. Nh4 Qf4+ 32. g3 Qxf2+ 33. Kh1 Rxg3 0-1

[Event "*** Titled Tuesday Blitz"]
[Site "Chess.com"]
[Date "2020.04.07"]
[Round "7"]
[White "ecwinslow"]
[Black "MFguimaraes"]
[Result "0-1"]
[WhiteElo "2177"]
[BlackElo "2398"]
[TimeControl "180+1"]
[EndTime "14:18:11 PDT"]
[Termination "MFguimaraes won on time"]

1. e4 e5 2. Nf3 Nc6 3. d4 exd4 4. Nxd4 Bb4+ 5. c3 Bc5 6. Nxc6 bxc6 7. Bc4 Qh4 8. Qf3 Nf6 9. Nd2 O-O 10. h3 d5 11. exd5 Re8+ 12. Kf1 cxd5 13. Bd3 Ne4 14. Nb3 Nxf2 15. Nxc5 Nxh1 16. Bf4 Rb8 17. b4 g5 18. Bxc7 g4 19. Qf4 Rb6 20. Kg1 Rf6 21. Qd2 Rf2 22. Qxf2 Nxf2 23. Bc2 gxh3 24. Rf1 h2+ 0-1

[Event "*** Titled Tuesday Blitz"]
[Site "Chess.com"]
[Date "2020.04.07"]
[Round "7"]
[White "JulAnt"]
[Black "Anna_ChessMate"]
[Result "0-1"]
[WhiteElo "2420"]
[BlackElo "2609"]
[TimeControl "180+1"]
[EndTime "14:18:12 PDT"]
[Termination "Anna_ChessMate won by resignation"]

1. e4 e5 2. Nf3 Nc6 3. Bb5 a6 4. Ba4 Nf6 5. O-O Nxe4 6. d4 b5 7. Bb3 d5 8. dxe5 Be6 9. c3 Be7 10. Qe2 O-O 11. Nbd2 Nc5 12. Bc2 d4 13. cxd4 Nxd4 14.
Nxd4 Qxd4 15. Nf3 Qg4 16. Be3 Bc4 17. Qd2 Bxf1 18. Rxf1 Rad8 19. Qc3 Ne6 20. a3 c5 21. b3 Nd4 22. Bxd4 cxd4 23. Qd3 g6 24. a4 bxa4 25. bxa4 Rc8 26. Bb1 Rfd8 27. h3 Qd7 28. Re1 Qxa4 29. e6 f6 30. Qe4 Qc6 31. Qg4 d3 32. Rd1 f5 33. Qg3 Qc7 34. Ne5 Bd6 35. f4 Bxe5 36.
fxe5 Qb6+ 37. Kh2 Qxe6 38. Bxd3 Kg7 39. Qe3 Rd5 40. Re1 Rc3 41. Qa7+ Rd7 42. Qxa6 Qxa6 43. Bxa6 Re7 44. Bb5 Rc5 45. Ba4 Rcxe5 46. Rxe5 Rxe5 47. Kg3 Kf6 48. Bc2 h6 49. Kf3 g5 50. g4 f4 0-1

[Event "*** Titled Tuesday Blitz"]
[Site "Chess.com"]
[Date "2020.04.07"]
[Round "7"]
[White "GMG"]
[Black "RitvarsReimanis"]
[Result "0-1"]
[WhiteElo "2763"]
[BlackElo "2615"]
[TimeControl "180+1"]
[EndTime "14:18:13 PDT"]
[Termination "RitvarsReimanis won by resignation"]

1. d4 Nf6 2. Bf4 e6 3. e3 d5 4.
Nd2 Bd6 5. c3 c5 6. Ngf3 Qc7 7.
Bxd6 Qxd6 8. Ne5 O-O 9. Bd3 Nfd7 10. f4 Nxe5 11. fxe5 Qb6 12. Qc2 h6 13. O-O Nc6 14.
Nf3 Bd7 15. Rf2 Rac8 16. Qe2 f5 17. Raf1 cxd4 18. exd4 a6 19. Nh4 Ne7 20. g4 g5 21.
gxf5 gxh4 22. f6 Nf5 23. Rg2+ Kh8 24. Qh5 Be8 25. Qg4 Bf7 26. Bxf5 Rg8 27. Qxh4 Rxg2+ 28. Kxg2 Qxb2+ 29. Rf2 Rg8+ 30. Kh3 Qxc3+ 0-1

[Event "*** Titled Tuesday Blitz"]
[Site "Chess.com"]
[Date "2020.04.07"]
[Round "7"]
[White "JacekDubiel"]
[Black "SergioGarciaFuentes"]
[Result "1-0"]
[WhiteElo "2379"]
[BlackElo "2188"]
[TimeControl "180+1"]
[EndTime "14:18:15 PDT"]
[Termination "JacekDubiel won on time"]

1. e4 c5 2. Nf3 e6 3. d4 cxd4 4. Nxd4 Nc6 5. Nc3 a6 6. Be2 Nge7 7. Nb3 b5 8. f4 Ng6 9. O-O Be7 10. Qe1 O-O 11.
Bf3 Bb7 12. e5 d6 13. exd6 Bxd6 14. g3 Rc8 15. Ne4 Bc7 16. Be3 Bb6 17. Nec5 Qc7 18. Nxb7 Qxb7 19. Rd1 Nge7 20. Qf2 Bxe3 21. Qxe3 Rfd8 22.
Na5 Qc7 23. Nxc6 Nxc6 24. Qc5 Rxd1 25. Rxd1 g6 26. c3 h5 27. Kg2 Ne7 28. Qxc7 Rxc7 29.
Rd6 Ra7 30. Be4 Kf8 31. Kf3 Nf5 32. Bxf5 exf5 33. Ke3 Ke7 34. Rb6 Kd7 35. Kd4 Kc7 36.
Rf6 Kd8 37. Kc5 Ke7 38. Rc6 Rd7 39. Rxa6 Rd2 40. b4 Rxh2 41. Kxb5 Rg2 42. c4 Rxg3 43.
c5 Rc3 44. Ra8 h4 45. Rh8 h3 46. a4 g5 47. fxg5 f4 48. c6 1-0

[Event "*** Titled Tuesday Blitz"]
[Site "Chess.com"]
[Date "2020.04.07"]
[Round "7"]
[White "Frogo47"]
[Black "GM-AndreyOrlov"]
[Result "0-1"]
[WhiteElo "2493"]
[BlackElo "2651"]
[TimeControl "180+1"]
[EndTime "14:18:19 PDT"]
[Termination "GM-AndreyOrlov won by resignation"]

1. e4 d6 2. d4 Nf6 3. Nc3 e5 4. Nf3 Nbd7 5. Bc4 Be7 6. O-O O-O 7. Re1 c6 8. a4 a5 9. h3 Nb6 10. Ba2 exd4 11. Nxd4 Nfd7 12. Nf5 Nc5 13. Nxe7+ Qxe7 14. Bf4 Rd8 15. Qd4 Be6 16. Bxe6 fxe6 17. e5 d5 18.
b3 Nbd7 19. Rad1 Rf8 20. Bg3 Na6 21. Ne2 Nb4 22. Qd2 c5 23. Nc3 Rf5 24. f4 Raf8 25.
Ne4 Nc6 26. Nd6 Rh5 27. Qe2 g6 28. c3 Kg7 29. Qg4 b6 30. Rf1 Nd8 31. Qe2 Nf7 32. Nxf7 Rxf7 33. c4 d4 34. Qe4 Rhf5 35. Rf3 Rf8 36.
Rdd3 Qe8 37. Be1 Qa8 38. Qxa8 Rxa8 39. Bd2 Raf8 40. g3 Nxe5 41. fxe5 Rxf3 42. Rxf3 Rxf3 43.
Bf4 Rxb3 0-1

[Event "*** Titled Tuesday Blitz"]
[Site "Chess.com"]
[Date "2020.04.07"]
[Round "7"]
[White "Moon_stone123"]
[Black "Ceejay271"]
[Result "1-0"]
[WhiteElo "2493"]
[BlackElo "2311"]
[TimeControl "180+1"]
[EndTime "14:18:19 PDT"]
[Termination "Moon_stone123 won by resignation"]

1. e4 c5 2. Nf3 Nc6 3. d4 cxd4 4. Nxd4 g6 5. c4 Nf6 6. Nc3 d6 7. Be2 Nxd4 8. Qxd4 Bg7 9. Be3 O-O 10. Qd2 Qa5 11. Rc1 Be6 12. b3 Rfc8 13. f3 a6 14. Nd5 Qxd2+ 15.
Kxd2 Nxd5 16. cxd5 Bd7 17. Bb6 Bb2 18. Rxc8+ Rxc8 19. Bc4 Ba3 20. Rb1 Bc5 21. Ba5 b6 22. Bc3 b5 23.
Bd3 Be3+ 24. Kxe3 Rxc3 25. Kd2 Rc7 26. b4 g5 27. g3 Kg7 28. Rb3 Kf6 29. Ra3 Bc8 30.
f4 h5 31. Rc3 Rxc3 32. Kxc3 h4 33. Kd4 hxg3 34. hxg3 gxf4 35. gxf4 Kg7 36. e5 f6 37.
Bc2 fxe5+ 38. fxe5 Kh6 39. a4 bxa4 40. Bxa4 Kg5 41. e6 Kf4 42. Bc6 Kf5 43. Bd7 Bb7 44.
Bc6 Bc8 45. Kc4 Ke5 46. Kb3 Kd4 47. Ka4 Kc4 48. Bd7 Bb7 49. Bc6 Bc8 50. Ba8 Kd4 51. Ka5 Kc4 52. Bc6 Kd4 53. Kb6 Ke5 54. Bd7 Kxd5 55.
Bxc8 Kc4 56. Ka5 d5 57. Bxa6+ 1-0